 Dungeon Crawl Stone Soup version 0.28-a0-1429-gf3d713df7a (webtiles) character file.

Game seed: 3136805151175765273

47 riojii the Magician (level 3, 0/25 HPs)
             Began as a Djinni Fire Elementalist on Jan 9, 2022.
             Slain by a goblin (4 damage)
             ... led by Robin
             ... on level 2 of the Dungeon.
             The game lasted 00:04:03 (1815 turns).

riojii the Magician (Djinni Fire Elementalist)      Turns: 1815, Time: 00:04:03

Health: 0/25       AC:  2    Str:  7    XL:     3   Next: 97%
Gold:   55         EV: 12    Int: 18    God:
                   SH:  0    Dex: 13

rFire   + + .      SeeInvis .   l - +2 dagger (flame)
rCold   x . .      Faith    .   (no shield)
rNeg    . . .      Spirit   .   a - +0 robe
rPois   ∞          Reflect  .   (no helmet)
rElec   .          Harm     .   (no cloak)
rCorr   .          Rampage  .   (no gloves)
Will    .....                   (boots unavailable)
Stlth   ++........              (no amulet)
HPRegen 0.08/turn               (no ring)
MPRegen 0.00/turn               (no ring)

@: flying
A: sickness immunity, fire resistance 2, cold vulnerability 1, float, innate
caster, hp casting, extra vitality 1
a: no special abilities


You were on level 2 of the Dungeon.
You visited 1 branch of the dungeon, and saw 2 of its levels.

You collected 55 gold pieces.

Inventory:

Hand Weapons
 l - a +2 dagger of flaming (weapon)
Armour
 a - a +0 robe (worn)
 h - the +6 chain mail of the Nine Coins {MP+9 Str+3 Int+4}
   (You found it on level 2 of the Dungeon)

   Str:       It affects your strength (+3).
   Int:       It affects your intelligence (+4).
   MP:        It affects your magic capacity (+9).
Scrolls
 c - 2 scrolls of vulnerability {unknown}
 f - 2 scrolls of enchant weapon {unknown}
 g - a scroll of identify {unknown}
 i - a scroll of noise {unknown}
 j - a scroll of enchant armour {unknown}
Potions
 b - a potion of haste {unknown}
 e - a potion of curing {unknown}
 k - a potion of degeneration {unknown}


   Skills:
 - Level 2.1 Dodging
 - Level 1.5 Stealth
 + Level 3.5 Spellcasting


You couldn't memorise any spells.
You knew the following spells:

 Your Spells              Type           Power      Damage    Failure   Level
a - Foxfire               Conj/Fire      64%        2x1d7     3%          1
b - Scorch                Fire           32%        2d7       5%          2
c - Conjure Flame         Conj/Fire      16%        6-21      11%         3
d - Inner Flame           Hex/Fire       16%        N/A       11%         3
e - Flame Wave            Conj/Fire      16%        2d5       34%         4
f - Apportation           Tloc           32%        N/A       3%          1
Your spell library was empty.

Dungeon Overview and Level Annotations

Branches:
Dungeon (2/15)

Altars:

Shops:
D:2 !

Annotations:
D:2 Robin


Innate Abilities, Weirdness & Mutations

You are immune to sickness and miasma.
You are immune to poison.
Your flesh is very heat resistant. (rF++)
You are vulnerable to cold. (rC-)
You float through the air rather than walking.
You learn spells naturally, not from books.
Your magical power is your life essence.
You have superior vitality. (+4 MHP)


Message History

You are very lightly contaminated with residual magic.
Nothing appears to happen.
The rat misses you. The goblin hits you with a +0 dagger.
Casting: Inner Flame (quite dangerous; 11% risk of failure)
Confirm with . or Enter, or press ? or * to list all spells.
Okay, then.
You hit the rat. You burn the rat.
You kill the rat!
The goblin misses you.
You closely miss the goblin. You hit the hobgoblin. You burn the hobgoblin.
The hobgoblin is heavily wounded.
The hobgoblin hits you. The goblin hits you with a +0 dagger.
You closely miss the hobgoblin.
The hobgoblin is heavily wounded.
The goblin barely misses you. The hobgoblin closely misses you.
You closely miss the hobgoblin.
The hobgoblin is heavily wounded.
The goblin hits you but does no damage. The hobgoblin closely misses you.
The goblin hits you with a +0 dagger.
You closely miss the goblin. The goblin misses you.
Your magical contamination has completely faded away.
You miss the goblin. The goblin hits you with a +0 dagger.
You barely miss the goblin. The goblin hits you with a +0 dagger.
* * * LOW HITPOINT WARNING * * *
Casting: Inner Flame (quite dangerous; 11% risk of failure)
Confirm with . or Enter, or press ? or * to list all spells.
The spell is quite dangerous to miscast (11% risk of failure)!
Continue anyway?
Okay, then.
Casting: Conjure Flame (quite dangerous; 11% risk of failure)
Confirm with . or Enter, or press ? or * to list all spells.
Okay, then.
Casting: Conjure Flame (quite dangerous; 11% risk of failure)
Confirm with . or Enter, or press ? or * to list all spells.
The spell is quite dangerous to miscast (11% risk of failure)!
Continue anyway?
The fire begins to smoulder!
* * * LOW HITPOINT WARNING * * *
The goblin hits you with a +0 dagger.
You die...

............................#..#.
###.........##...######..........
#......)...#.#####..†..........
#...<....#.#.##..[.######..##..
#.......#..#.#..#### ##.####.
................## ##..####.
.....#†#...#....## ###........
........#.#...#########.....#####
.......†∩......@gggg#.g.#..##(gg
#.....#.#...######.g†#.#.###g##
#..#.#...#..## #.g#.....#...##
...#.........####.##.......####
.# #....#.....##..##...#......#
#########..#..#...###.####..
#....#...## #.# ###
.............# #.#
######............. .


You could see a hobgoblin and 4 goblins.

Vanquished Creatures
  A dart slug (D:1)
  5 ball pythons
  3 endoplasms
  5 giant cockroaches
  5 goblins
  3 hobgoblins
  4 jackals (D:2)
  4 kobolds
  3 bats
  3 frilled lizards
  5 rats
41 creatures vanquished.

Vanquished Creatures (others)
  102 foxfires
102 creatures vanquished.

Grand Total: 143 creatures vanquished

Notes
Turn   | Place    | Note
-------+----------+-------------------------------------------
     0 | D:1      | riojii the Djinni Fire Elementalist began the quest for the
                  | Orb.
     0 | D:1      | Reached XP level 1. HP: 15/15 MP: 0/0
   377 | D:1      | Reached XP level 2. HP: 20/21 MP: 0/0
   558 | D:1      | Reached skill level 3 in Spellcasting
   688 | D:1      | Reached XP level 3. HP: 23/25 MP: 0/0
   688 | D:1      | Learned a level 1 spell: Apportation
   834 | D:1      | Found a faded altar of an unknown god.
   964 | D:2      | Found Loch's Distillery.
  1210 | D:2      | Identified the +6 chain mail of the Nine Coins {MP+9 Str+3
                  | Int+4}
  1523 | D:2      | Noticed Robin
  1815 | D:2      | Slain by a goblin

Illustrated notes

Levels and vault maps discovered:
D:1:      wander_arrival_lonely_grave, layout_basic,
          hellmonk_ecumenical_altar_prayer_group
D:2:      layout_rooms, serial_shops, nicolae_shop_advertising_works
          [nicolae_subvault_shop_adworks], uniq_robin

Skill      XL: |  1  2 |
---------------+-------+-----
Spellcasting   | 3 |  3.5
Dodging        | |  2.1
Stealth        | |  1.5

Action                   || total
-------------------------++-------
Melee: Flail             ||     8
       Dagger            ||     8
 Cast: Foxfire           ||    61
       Conjure Flame     ||     1
       Scorch            ||     1
Armor: Robe              ||    10
Dodge: Dodged            ||    20

Table legend: (Time is in decaauts)
 A = Elapsed time spent in this place.
 B = Non-inter-level travel time spent in this place.
 C = Inter-level travel time spent in this place.
 D = Time resting spent in this place.
 E = Time spent auto-exploring this place.
 F = Levels seen in this place.
 G = Mean time per level.
                   A        B        C        D        E       F      G
               +--------+--------+--------+--------+--------+-----+--------+
         Total |   1818 |   1789 |     29 |    244 |   1247 |   2 |  909.0 |
       Dungeon |   1818 |   1789 |     29 |    244 |   1247 |   2 |  909.0 |
               +--------+--------+--------+--------+--------+-----+--------+

Top non-repeatable levels by time:
     D:1: 1200 daAuts
     D:2: 617 daAuts
